[Event "45th FIDE Womens Olympiad 2024"]
[Site "Budapest"]
[Date "2024.09.19"]
[Round "8.69"]
[White "Ryjanova, Julia"]
[Black "Ouellet, Maili-Jade"]
[Result "0-1"]
[ECO "E04"]
[WhiteElo "2255"]
[BlackElo "2318"]
[Annotator "RC"]
[PlyCount "108"]
[EventDate "2024.09.05"]
[EventType "team-tourn"]
[EventCountry "HUN"]
[SourceTitle "playchess.com"]
[Source "ChessBase"]
[SourceQuality "1"]
[WhiteTeam "Australia"]
[BlackTeam "Canada"]
[WhiteTeamCountry "AUS"]
[BlackTeamCountry "CAN"]
[TimeControl "40/5400+30:1800+30"]

1. d4 Nf6 2. c4 e6 3. g3 d5 4. Nf3 dxc4 5. Bg2 c6 6. O-O b5 7. a4 Bb7 8. Ne5 a6 9. axb5 axb5 10. Rxa8 Bxa8 11. Nc3 Qb6 12. e4 Be7 13. Be3 Qa6 14. Qe2 Bb7 15. Rd1 O-O 16. Qf1 Qa8 17. Bg5 Re8 18. Ra1 Na6 19. Qd1 Qc8 20. Qf3 b4 21. Ne2 c5 22. Bxf6 gxf6 23. Qg4+ Kf8 24. Nxc4 cxd4 25. Na5 d3 26. Nxb7 Qxb7 27. Nf4 d2 28. Rd1 Rc8 29. Rxd2 Rc1+ 30. Rd1 Qc7 31. Bf1 Rxd1 32. Qxd1 Nc5 33. Qh5 Bd6 34. Qh6+ Ke7 35. Nh5 Be5 36. Qd2 Qa5 37. Qe2 Bd4 38. Nf4 Qa2 39. Nd3 Nxd3 40. Qxd3 Qxb2 41. Qe2 Qxe2 42. Bxe2 Kd6 43. Bc4 Bb6 44. Kf1 Kc5 45. Ba2 Kd4 46. Ke2 Kc3 47. Bb1 b3 48. Bd3 Bxf2 49. g4 Bh4 50. e5 fxe5 51. Bxh7 Kd4 52. Kd1 e4 53. Bg8 b2 54. Kc2 e3 0-1

[Event "45th FIDE Womens Olympiad 2024"]
[Site "Budapest"]
[Date "2024.09.19"]
[Round "8.70"]
[White "Li, Yunshan"]
[Black "Zhang, Jilin"]
[Result "1/2-1/2"]
[ECO "A13"]
[WhiteElo "2268"]
[BlackElo "2155"]
[Annotator "RC"]
[PlyCount "80"]
[EventDate "2024.09.05"]
[EventType "team-tourn"]
[EventCountry "HUN"]
[SourceTitle "playchess.com"]
[Source "ChessBase"]
[SourceQuality "1"]
[WhiteTeam "Canada"]
[BlackTeam "Australia"]
[WhiteTeamCountry "CAN"]
[BlackTeamCountry "AUS"]
[TimeControl "40/5400+30:1800+30"]

1. Nf3 Nf6 2. b3 d5 3. Bb2 e6 4. e3 Be7 5. c4 O-O 6. Be2 b6 7. cxd5 Nxd5 8. O-O Bb7 9. a3 c5 10. Nc3 Nc6 11. Rc1 Bf6 12. Qc2 Nxc3 13. Bxc3 Qe7 14. Qb2 Bxc3 15. Qxc3 Rfd8 16. Rfd1 Rac8 17. Ne1 h6 18. Bd3 Rd7 19. Qc2 Rcd8 20. Be4 Na5 21. Bxb7 Nxb7 22. d3 e5 23. Rd2 e4 24. Rcd1 exd3 25. Rxd3 Rxd3 26. Rxd3 Rxd3 27. Qxd3 Nd6 28. Qd5 Qe6 29. Qxe6 fxe6 30. Kf1 c4 31. bxc4 Nxc4 32. Nc2 Kf7 33. Ke2 Ke7 34. f4 Kd6 35. Kd3 b5 36. Kc3 Kd5 37. Kd3 Nb2+ 38. Kc3 Nc4 39. Kd3 Nb2+ 40. Kc3 Nc4 1/2-1/2

[Event "45th FIDE Womens Olympiad 2024"]
[Site "Budapest"]
[Date "2024.09.19"]
[Round "8.71"]
[White "Shen, Zhiyuan"]
[Black "Demchenko, Svitlana"]
[Result "0-1"]
[ECO "B01"]
[WhiteElo "1969"]
[BlackElo "2167"]
[Annotator "RC"]
[PlyCount "124"]
[EventDate "2024.09.05"]
[EventType "team-tourn"]
[EventCountry "HUN"]
[SourceTitle "playchess.com"]
[Source "ChessBase"]
[SourceQuality "1"]
[WhiteTeam "Australia"]
[BlackTeam "Canada"]
[WhiteTeamCountry "AUS"]
[BlackTeamCountry "CAN"]
[TimeControl "40/5400+30:1800+30"]

1. e4 d5 2. exd5 Qxd5 3. Nc3 Qd6 4. d4 Nf6 5. Nf3 c6 6. g3 Bg4 7. Bg2 e6 8. O-O Be7 9. Bf4 Qd8 10. h3 Bh5 11. Ne2 Nbd7 12. c4 O-O 13. a3 a5 14. Re1 Qb6 15. Nc3 Rfd8 16. g4 Bg6 17. Qe2 Bf8 18. Red1 Re8 19. Ne5 Nxe5 20. dxe5 Qc7 21. Qd2 Rad8 22. Qe3 Nd7 23. Be4 Nc5 24. Bxg6 hxg6 25. b4 axb4 26. axb4 Na6 27. b5 cxb5 28. cxb5 Nb4 29. Rac1 Rxd1+ 30. Rxd1 Rc8 31. Ne4 Qc2 32. Qf3 Rc4 33. Re1 Nd3 34. Re3 Nxf4 35. Qxf4 Qc1+ 36. Kg2 Bc5 37. Rf3 Qxf4 38. Rxf4 Rb4 39. Kg3 Rxb5 40. Ng5 Be7 41. Nxf7 Rb3+ 42. Kg2 g5 43. Nxg5 Bxg5 44. Rc4 b5 45. Rc8+ Kf7 46. Rc7+ Kg6 47. Rc6 Bf4 48. h4 Bxe5 49. Rxe6+ Bf6 50. Rb6 Kf7 51. g5 Bd4 52. g6+ Ke7 53. Rb7+ Kf6 54. h5 Kg5 55. Rd7 Bf6 56. Rd5+ Kh6 57. f4 b4 58. Rb5 Rb1 59. Kf3 b3 60. Kg4 Rg1+ 61. Kh3 b2 62. Rb8 Kxh5 0-1

[Event "45th FIDE Womens Olympiad 2024"]
[Site "Budapest"]
[Date "2024.09.19"]
[Round "8.72"]
[White "Golubeva, Oksana"]
[Black "Vincent, Alaina"]
[Result "1-0"]
[ECO "E92"]
[WhiteElo "2119"]
[BlackElo "1976"]
[Annotator "RC"]
[PlyCount "177"]
[EventDate "2024.09.05"]
[EventType "team-tourn"]
[EventCountry "HUN"]
[SourceTitle "playchess.com"]
[Source "ChessBase"]
[SourceQuality "1"]
[WhiteTeam "Canada"]
[BlackTeam "Australia"]
[WhiteTeamCountry "CAN"]
[BlackTeamCountry "AUS"]
[TimeControl "40/5400+30:1800+30"]

1. d4 Nf6 2. c4 g6 3. Nc3 Bg7 4. e4 d6 5. Be2 O-O 6. Be3 e5 7. d5 a5 8. Nf3 Na6 9. Nd2 h6 10. g4 Nh7 11. h4 f5 12. gxf5 gxf5 13. f3 f4 14. Bf2 Nf6 15. Nb3 b6 16. Kd2 Nh5 17. Qg1 Kf7 18. Qh2 Bf6 19. Rag1 Bd7 20. Bf1 Qc8 21. Nb5 Be7 22. Nc1 Rg8 23. Rxg8 Kxg8 24. Rg1+ Kh7 25. Nd3 Bf6 26. b3 Be7 27. a3 Bf6 28. Nb2 Nc5 29. Kc3 Na6 30. Na4 Rb8 31. Kb2 Nc5 32. Nac3 Na6 33. Na7 Qe8 34. Bh3 Nc5 35. Kc2 Na6 36. Nc6 Ra8 37. Nb5 Bxh3 38. Qxh3 Qc8 39. Qg2 Qg8 40. Qh2 Qf8 41. Kc3 Kh8 42. Rg4 Kh7 43. Rg2 Qc8 44. Rg1 Qf8 45. Kd2 Qc8 46. Nca7 Qd7 47. Qg2 Ng3 48. Bxg3 Rg8 49. Qh2 fxg3 50. Rxg3 Rxg3 51. Qxg3 Qe7 52. h5 Bg5+ 53. Ke2 Qf7 54. Qg4 Kg7 55. Nc6 Nc5 56. b4 axb4 57. axb4 Nb3 58. Nd8 Qe7 59. Ne6+ Kh8 60. Nxg5 hxg5 61. Qc8+ Kh7 62. Qf5+ Kh8 63. Qc8+ Kh7 64. Qe6 Qg7 65. Qf5+ Kh6 66. Qg4 Nc1+ 67. Kd2 Na2 68. Nc3 Nxb4 69. Ne2 Na6 70. Qe6+ Kh7 71. Ng3 Nc5 72. Qc8 Qd7 73. Qf8 Qa4 74. Qf7+ Kh8 75. Qf6+ Kh7 76. Qg6+ Kh8 77. Qh6+ Kg8 78. Qxg5+ Kh8 79. Qd8+ Kh7 80. Qxc7+ Kh8 81. Qd8+ Kh7 82. Qe7+ Kh8 83. Qf6+ Kh7 84. Qf7+ Kh8 85. Qf6+ Kh7 86. Qg6+ Kh8 87. Qh6+ Kg8 88. Qg5+ Kh8 89. Qh6+ 1-0

[Event "45th FIDE Womens Olympiad 2024"]
[Site "Budapest"]
[Date "2024.09.19"]
[Round "8.73"]
[White "Goossens, Hanne"]
[Black "Theissl Pokorna, Regina"]
[Result "1/2-1/2"]
[ECO "C54"]
[WhiteElo "2189"]
[BlackElo "2302"]
[Annotator "RC"]
[PlyCount "87"]
[EventDate "2024.09.05"]
[EventType "team-tourn"]
[EventCountry "HUN"]
[SourceTitle "playchess.com"]
[Source "ChessBase"]
[SourceQuality "1"]
[WhiteTeam "Belgium"]
[BlackTeam "Austria"]
[WhiteTeamCountry "BEL"]
[BlackTeamCountry "AUT"]
[TimeControl "40/5400+30:1800+30"]

1. e4 e5 2. Nf3 Nc6 3. Bc4 Bc5 4. c3 Nf6 5. d4 exd4 6. e5 d5 7. Bb5 Ne4 8. cxd4 Bb6 9. Nc3 O-O 10. Be3 h6 11. O-O Bg4 12. Be2 f5 13. exf6 Rxf6 14. Rc1 Nxc3 15. Rxc3 Qd6 16. a3 Raf8 17. b4 a6 18. Re1 Bxf3 19. Bxf3 Ne7 20. Bg4 c6 21. g3 Ng6 22. Rc2 a5 23. Rb2 axb4 24. axb4 Kh8 25. b5 c5 26. dxc5 Bxc5 27. Bd4 Bxd4 28. Qxd4 Qb6 29. Rd1 Qxd4 30. Rxd4 Ne5 31. Bd1 Rd6 32. Rbd2 Rfd8 33. Be2 Kg8 34. f4 Ng6 35. Bf3 Ne7 36. Kf2 Kf8 37. g4 Rb6 38. Be2 Rc8 39. Bf1 Rc3 40. Bd3 Rf6 41. Be2 Rb6 42. Bf1 Rf6 43. Be2 Rb6 44. Bf1 1/2-1/2

[Event "45th FIDE Womens Olympiad 2024"]
[Site "Budapest"]
[Date "2024.09.19"]
[Round "8.74"]
[White "Newrkla, Katharina"]
[Black "Vanduyfhuys, Daria"]
[Result "1-0"]
[ECO "B90"]
[WhiteElo "2208"]
[BlackElo "2112"]
[Annotator "RC"]
[PlyCount "67"]
[EventDate "2024.09.05"]
[EventType "team-tourn"]
[EventCountry "HUN"]
[SourceTitle "playchess.com"]
[Source "ChessBase"]
[SourceQuality "1"]
[WhiteTeam "Austria"]
[BlackTeam "Belgium"]
[WhiteTeamCountry "AUT"]
[BlackTeamCountry "BEL"]
[TimeControl "40/5400+30:1800+30"]

1. e4 c5 2. Nf3 d6 3. d4 cxd4 4. Nxd4 Nf6 5. Nc3 a6 6. h3 e5 7. Nde2 Be7 8. g4 h6 9. Ng3 g6 10. Be3 Be6 11. Bg2 Nbd7 12. Nd5 Bxd5 13. exd5 Qa5+ 14. c3 Bd8 15. a4 Rc8 16. Qd2 b5 17. O-O bxa4 18. Bxh6 Qb5 19. g5 Ng8 20. Ne4 Be7 21. f4 Nxh6 22. gxh6 f5 23. Ng5 Rxh6 24. fxe5 Nxe5 25. Rae1 Qd3 26. Qc1 Qg3 27. Nf3 Rxh3 28. Rf2 Nd3 29. Rxe7+ Kxe7 30. Qe3+ Ne5 31. Qa7+ Kf6 32. Nxe5 Rh1+ 33. Kxh1 Qxf2 34. Ng4+ 1-0

[Event "45th FIDE Womens Olympiad 2024"]
[Site "Budapest"]
[Date "2024.09.19"]
[Round "8.75"]
[White "De Rycke, Tyani"]
[Black "Exler, Veronika"]
[Result "1/2-1/2"]
[ECO "B18"]
[WhiteElo "2110"]
[BlackElo "2176"]
[Annotator "RC"]
[PlyCount "57"]
[EventDate "2024.09.05"]
[EventType "team-tourn"]
[EventCountry "HUN"]
[SourceTitle "playchess.com"]
[Source "ChessBase"]
[SourceQuality "1"]
[WhiteTeam "Belgium"]
[BlackTeam "Austria"]
[WhiteTeamCountry "BEL"]
[BlackTeamCountry "AUT"]
[TimeControl "40/5400+30:1800+30"]

1. e4 c6 2. d4 d5 3. Nc3 dxe4 4. Nxe4 Bf5 5. Ng3 Bg6 6. Nf3 Nd7 7. Bd3 e6 8. O-O Ngf6 9. c4 Be7 10. b3 O-O 11. Bb2 a5 12. a3 c5 13. Bxg6 hxg6 14. Re1 cxd4 15. Bxd4 Qc7 16. Qe2 Rfd8 17. Ne4 Nc5 18. Nxc5 Bxc5 19. Bxc5 Qxc5 20. Qe3 b6 21. Ne5 Qxe3 22. Rxe3 Rd2 23. Kf1 Rad8 24. Re2 Rd1+ 25. Rxd1 Rxd1+ 26. Re1 Rd2 27. Re2 Rd1+ 28. Re1 Rd2 29. Re2 1/2-1/2

[Event "45th FIDE Womens Olympiad 2024"]
[Site "Budapest"]
[Date "2024.09.19"]
[Round "8.76"]
[White "Hapala, Elisabeth"]
[Black "Dierckens, Sarah"]
[Result "1-0"]
[ECO "B75"]
[WhiteElo "2113"]
[BlackElo "1943"]
[Annotator "NA RC"]
[PlyCount "91"]
[EventDate "2024.09.05"]
[EventType "team-tourn"]
[EventCountry "HUN"]
[SourceTitle "playchess.com"]
[Source "ChessBase"]
[SourceQuality "1"]
[WhiteTeam "Austria"]
[BlackTeam "Belgium"]
[WhiteTeamCountry "AUT"]
[BlackTeamCountry "BEL"]
[TimeControl "40/5400+30:1800+30"]

1. e4 c5 2. Nf3 d6 3. d4 cxd4 4. Nxd4 Nf6 5. Nc3 g6 6. Be3 Bg7 7. f3 a6 8. Qd2 Nbd7 9. g4 b5 10. h4 b4 11. Na4 Ne5 12. h5 Qa5 13. b3 Bb7 14. h6 Bf8 15. a3 Nxf3+ 16. Nxf3 Nxe4 17. Qxb4 Qxb4+ 18. axb4 Ng3 19. Rg1 Nxf1 20. Rxf1 Rc8 21. Kd2 e5 22. g5 Be7 23. Nh2 d5 24. c3 d4 25. cxd4 exd4 26. Bxd4 Bxg5+ 27. Be3 Be7 28. Nc5 Bc6 29. Bd4 O-O 30. Kc3 f5 31. Nf3 Rfd8 32. Rae1 Bf8 33. Bf6 Rd5 34. Bg5 Bb5 35. Rf2 Bd6 36. Rd2 Rxd2 37. Kxd2 a5 38. Re6 Bf8 39. Ne5 axb4 40. Ncd7 Bxd7 41. Nxd7 Bxh6 42. Bxh6 Kf7 43. Rd6 Rc3 44. Bg5 Rxb3 45. Ne5+ Kf8 46. Bf6 1-0

[Event "45th FIDE Womens Olympiad 2024"]
[Site "Budapest"]
[Date "2024.09.19"]
[Round "8.77"]
[White "Ahmed, Walijah"]
[Black "Cramling, Pia"]
[Result "0-1"]
[ECO "B43"]
[WhiteElo "1936"]
[BlackElo "2425"]
[Annotator "TA"]
[PlyCount "84"]
[EventDate "2024.09.05"]
[EventType "team-tourn"]
[EventCountry "HUN"]
[SourceTitle "playchess.com"]
[Source "ChessBase"]
[SourceQuality "1"]
[WhiteTeam "Bangladesh"]
[BlackTeam "Sweden"]
[WhiteTeamCountry "BAN"]
[BlackTeamCountry "SWE"]
[TimeControl "40/5400+30:1800+30"]

1. e4 c5 2. Nf3 e6 3. d4 cxd4 4. Nxd4 a6 5. Nc3 b5 6. Bd3 Qb6 7. Nb3 Qc7 8. Be3 Bb7 9. O-O Nf6 10. a3 d6 11. f4 Nbd7 {The position is equal.} 12. Kh1 Be7 13. Qf3 Nc5 14. Rae1 O-O 15. Bd4 Rac8 16. Qg3 Nxd3 17. cxd3 Qd8 18. Rc1 Qd7 19. Na5 Ba8 20. b4 g6 21. f5 Nh5 22. Qg4 exf5 23. exf5 Rc7 24. Bb6 Rcc8 {Threatens to win with ...Ng7.} 25. Bd4 Rfd8 (25... Bf6 $142) 26. Rce1 Re8 (26... Bf6 $11 27. Bxf6 Nxf6) 27. Re2 $2 (27. Ne4 $1 $14 {keeps the upper hand.}) 27... Bf6 $19 {[#] ...Bxd4 would now be deadly.} 28. Rxe8+ $2 (28. Rc2) 28... Rxe8 $2 (28... Qxe8 $19 {is more deadly.} 29. Bxf6 (29. fxg6 hxg6 30. Bxf6 Nxf6 $19) 29... Nxf6) 29. Bxf6 Nxf6 30. Qh4 Qe7 $40 {[%mdl 128] Black attacks with force.} 31. h3 (31. fxg6 hxg6 32. Nb3 (32. Qxf6 Qxf6 33. Rg1 Qxc3 34. a4 Qxd3) 32... Qb7) (31. Nb3 $142) 31... Nh5 $17 32. Qxe7 Rxe7 33. Kh2 {[%cal Oc3e4] Prevents Ng3.} Re3 34. fxg6 hxg6 35. Rd1 (35. g4 $17 Ng3 (35... Rxd3 36. gxh5 Rxc3 37. hxg6 $17) 36. Rc1) 35... Nf4 $1 $19 36. Ne4 f5 {Black is clearly winning.} (36... Rxd3 37. Rxd3 Nxd3 38. Nxd6 $15) (36... Nxd3 37. Nxd6 Re2 38. Ndb7 (38. Rxd3 $2 Rxg2+ 39. Kh1 Rd2+ 40. Kg1 Rxd3 $19) 38... Bxb7 39. Nxb7 $15) 37. Nxd6 Bxg2 ({Stronger than} 37... Rxd3 38. Rxd3 Nxd3 39. Ne8 $11) 38. Kg1 Rxh3 {[#] aiming for ...Rh1+.} 39. Kf2 Bd5 ({Weaker is} 39... Rxd3 40. Rxd3 Nxd3+ 41. Kxg2 $14) 40. Rg1 Nxd3+ 41. Ke2 Nf4+ 42. Kd2 Kh7 {Weighted Error Value: White=0.39/Black=0.20 (precise) .  Loses game:     	White=2     	---        Missed win:     	---       	Black=1      Mistake:       	White=2     	Black=2      Inaccurate:     	White=1     	---        OK:         	White=12    	Black=18     Best:        	---       	Black=2} 0-1

[Event "45th FIDE Womens Olympiad 2024"]
[Site "Budapest"]
[Date "2024.09.19"]
[Round "8.78"]
[White "Agrest, Inna"]
[Black "Nusrat Jahan, Alo"]
[Result "0-1"]
[ECO "B12"]
[WhiteElo "2197"]
[BlackElo "2033"]
[Annotator "RC"]
[PlyCount "146"]
[EventDate "2024.09.05"]
[EventType "team-tourn"]
[EventCountry "HUN"]
[SourceTitle "playchess.com"]
[Source "ChessBase"]
[SourceQuality "1"]
[WhiteTeam "Sweden"]
[BlackTeam "Bangladesh"]
[WhiteTeamCountry "SWE"]
[BlackTeamCountry "BAN"]
[TimeControl "40/5400+30:1800+30"]

1. e4 c6 2. d4 d5 3. e5 Bf5 4. g4 Be4 5. f3 Bg6 6. h4 h5 7. e6 fxe6 8. Bd3 Bxd3 9. Qxd3 Qd6 10. Ne2 Nd7 11. Qg6+ Kd8 12. Bg5 Ngf6 13. Nd2 e5 14. O-O-O Kc7 15. c4 b6 16. Qc2 Kb7 17. dxe5 Nxe5 18. Bf4 Nfd7 19. Nb3 Qb4 20. cxd5 cxd5 21. Rd4 Qd6 22. Nc3 e6 23. Re1 g6 24. Kb1 Bg7 25. Qe2 a6 26. Ne4 Qf8 27. Ng5 Qe7 28. Rdd1 hxg4 29. Bxe5 Nxe5 30. f4 Rxh4 31. Nd4 Rah8 32. Qc2 Rh2 33. Re2 Rc8 34. Rxh2 Rxc2 35. Rxc2 Nc4 36. Ngxe6 Ne3 37. Rc7+ Qxc7 38. Nxc7 Nxd1 39. Nce6 Bxd4 40. Nxd4 g3 41. Kc2 g2 42. Nf3 Nf2 43. Ng1 Kc6 44. Kd2 Kd6 45. Ke2 Ne4 46. Kf3 Nc5 47. Kxg2 Nd3 48. Kf3 Nxb2 49. Ke3 Kc5 50. Nf3 Nd1+ 51. Kd2 Nf2 52. Ne5 Ne4+ 53. Kd3 g5 54. fxg5 Nxg5 55. Nd7+ Kc6 56. Nb8+ Kb7 57. Nd7 Ne6 58. Kc3 Kc7 59. Ne5 Kd6 60. Nf7+ Kc5 61. Ne5 d4+ 62. Kd2 Kb4 63. Kd3 b5 64. Nc6+ Kc5 65. Ne5 a5 66. Kc2 Kd5 67. Nd7 Ke4 68. Kd2 d3 69. Nb8 Nd4 70. Na6 Nf3+ 71. Kd1 Ke3 72. Nc5 Nd4 73. Nd7 Ne2 0-1

[Event "45th FIDE Womens Olympiad 2024"]
[Site "Budapest"]
[Date "2024.09.19"]
[Round "8.79"]
[White "Wadifa, Ahmed"]
[Black "Cramling Bellon, Anna"]
[Result "1/2-1/2"]
[ECO "B33"]
[WhiteElo "1988"]
[BlackElo "2066"]
[Annotator "RC"]
[PlyCount "171"]
[EventDate "2024.09.05"]
[EventType "team-tourn"]
[EventCountry "HUN"]
[SourceTitle "playchess.com"]
[Source "ChessBase"]
[SourceQuality "1"]
[WhiteTeam "Bangladesh"]
[BlackTeam "Sweden"]
[WhiteTeamCountry "BAN"]
[BlackTeamCountry "SWE"]
[TimeControl "40/5400+30:1800+30"]

1. e4 c5 2. Nf3 Nc6 3. d4 cxd4 4. Nxd4 Nf6 5. Nc3 e5 6. Ndb5 d6 7. Bg5 a6 8. Bxf6 gxf6 9. Na3 f5 10. Bd3 f4 11. g3 Rg8 12. Nd5 Bh6 13. c3 Rg6 14. Nc4 b5 15. Ncb6 Rb8 16. Nxc8 Qxc8 17. a4 b4 18. Bxa6 Qh3 19. Bf1 Qc8 20. Bb5 fxg3 21. hxg3 bxc3 22. bxc3 Kf8 23. Bxc6 Qxc6 24. Qe2 f5 25. Qf3 f4 26. O-O Ra8 27. Rfb1 Bg5 28. Kh2 Kg7 29. a5 Bd8 30. a6 Rxa6 31. Nb4 Rxa1 32. Nxc6 Rxb1 33. Nxd8 Rb8 34. Nc6 Rf8 35. g4 Rg5 36. Ne7 h5 37. Nf5+ Kf6 38. gxh5 d5 39. Nh4 Rh8 40. exd5 Rgxh5 41. d6 Rxh4+ 42. Kg2 Rh2+ 43. Kf1 Ke6 44. Qc6 Rd8 45. d7+ Ke7 46. Qe4 Ke6 47. Kg1 Rhh8 48. Qc6+ Ke7 49. Qc5+ Ke6 50. Qc4+ Kd6 51. Qd3+ Ke6 52. c4 Rhg8+ 53. Kf1 Rxd7 54. Qh3+ Kd6 55. c5+ Kc7 56. Qe6 Rf8 57. Qxe5+ Kc6 58. Qe6+ Kc7 59. Qb6+ Kc8 60. Qa6+ Kd8 61. Qa5+ Rc7 62. Qa8+ Ke7 63. Qe4+ Kd8 64. c6 Rff7 65. Qd4+ Ke7 66. Qe5+ Kf8 67. Qh8+ Ke7 68. Qe5+ Kf8 69. Qd6+ Kg8 70. Ke2 Rc8 71. Qe6 Rcc7 72. Qg6+ Kf8 73. Qd6+ Kg7 74. Kd3 Rc8 75. Qe5+ Kg8 76. Qe6 Rcc7 77. Kc4 Kg7 78. Qe5+ Kg6 79. Qd6+ Kg5 80. Kc5 Rce7 81. Kb6 Kg4 82. Qd1+ f3 83. Qg1+ Kf4 84. Qc1+ Kg4 85. Qg1+ Kf4 86. Qc1+ 1/2-1/2

[Event "45th FIDE Womens Olympiad 2024"]
[Site "Budapest"]
[Date "2024.09.19"]
[Round "8.80"]
[White "Zaritovskaja, Margarita"]
[Black "Hamid, Rani"]
[Result "0-1"]
[ECO "B42"]
[WhiteElo "2009"]
[BlackElo "1900"]
[Annotator "NA RC"]
[PlyCount "98"]
[EventDate "2024.09.05"]
[EventType "team-tourn"]
[EventCountry "HUN"]
[SourceTitle "playchess.com"]
[Source "ChessBase"]
[SourceQuality "1"]
[WhiteTeam "Sweden"]
[BlackTeam "Bangladesh"]
[WhiteTeamCountry "SWE"]
[BlackTeamCountry "BAN"]
[TimeControl "40/5400+30:1800+30"]

1. e4 c5 2. Nf3 e6 3. d4 cxd4 4. Nxd4 a6 5. Bd3 Nf6 6. O-O d6 7. c4 Be7 8. Nc3 Nc6 9. Be3 O-O 10. f4 e5 11. Nf5 Bxf5 12. exf5 exf4 13. Rxf4 Rc8 14. Qe2 Re8 15. Rd1 Ne5 16. h3 Nfd7 17. Re4 Bf8 18. Nd5 Nxd3 19. Qxd3 Re5 20. Rf1 Qe8 21. Rg4 Rxd5 22. cxd5 Ne5 23. Qe2 Nxg4 24. hxg4 Qe4 25. Qf3 Re8 26. Bf4 Qd4+ 27. Rf2 Re4 28. Kh2 Qxd5 29. f6 gxf6 30. Re2 Rd4 31. Qe3 Qc4 32. g3 d5 33. Qf2 Re4 34. Rc2 Qb5 35. b3 d4 36. Qf3 Re1 37. Rf2 d3 38. Bd2 Re2 39. Qxf6 Rxf2+ 40. Qxf2 Qe5 41. Qf3 Qd4 42. Qxb7 Qxg4 43. Qd5 Qe2+ 44. Qg2 Qg4 45. Qd5 Qg6 46. Kg2 h5 47. Bf4 h4 48. Qd8 hxg3 49. Bd6 Qxd6 0-1

[Event "45th FIDE Womens Olympiad 2024"]
[Site "Budapest"]
[Date "2024.09.19"]
[Round "8.81"]
[White "Koskela, Niina"]
[Black "Corrales Jimenez, Zenia"]
[Result "0-1"]
[ECO "B74"]
[WhiteElo "2173"]
[BlackElo "2170"]
[Annotator "RC"]
[PlyCount "138"]
[EventDate "2024.09.05"]
[EventType "team-tourn"]
[EventCountry "HUN"]
[SourceTitle "playchess.com"]
[Source "ChessBase"]
[SourceQuality "1"]
[WhiteTeam "Norway"]
[BlackTeam "Mexico"]
[WhiteTeamCountry "NOR"]
[BlackTeamCountry "MEX"]
[TimeControl "40/5400+30:1800+30"]

1. e4 c5 2. Nf3 d6 3. d4 cxd4 4. Nxd4 Nf6 5. Nc3 g6 6. Be2 Bg7 7. Be3 Nc6 8. Nb3 O-O 9. O-O Be6 10. f4 b5 11. Bf3 Rc8 12. Kh1 a6 13. Bg1 Nd7 14. Nd4 Bc4 15. Re1 Nxd4 16. Bxd4 e5 17. fxe5 Nxe5 18. a3 a5 19. Rc1 b4 20. axb4 axb4 21. Ne2 Qg5 22. Ra1 h5 23. Ng1 Ra8 24. Rxa8 Rxa8 25. Be2 Rc8 26. c3 bxc3 27. Bxc3 Bxe2 28. Qxe2 Ng4 29. Bxg7 Kxg7 30. Nf3 Qf4 31. g3 Qf6 32. Kg2 Rb8 33. Rb1 Rb3 34. h4 Re3 35. Qf1 Rxe4 36. Kh1 Re3 37. Ng5 Rxg3 38. Qxf6+ Nxf6 39. b4 Rc3 40. b5 Rc7 41. Kg2 d5 42. Nf3 Nd7 43. Kf2 Nb6 44. Ke3 Kf6 45. Kd3 Kf5 46. Rf1 Kf6 47. Ra1 Ke7 48. Ra6 Nd7 49. Ra2 Nf8 50. b6 Rc6 51. Rb2 Rc8 52. b7 Rb8 53. Ne5 Kd6 54. Nxf7+ Kc7 55. Kd4 Rxb7 56. Rc2+ Kd7 57. Kxd5 Rb5+ 58. Ke4 Rb4+ 59. Ke3 Rxh4 60. Ne5+ Kd6 61. Nf3 Ra4 62. Rd2+ Ke7 63. Rg2 Kf6 64. Ng5 Nd7 65. Ne4+ Kg7 66. Rb2 Ne5 67. Rb7+ Kh6 68. Kf4 Nd3+ 69. Ke3 Rxe4+ 0-1

[Event "45th FIDE Womens Olympiad 2024"]
[Site "Budapest"]
[Date "2024.09.19"]
[Round "8.82"]
[White "Miranda Rodriguez, Tania"]
[Black "Stanford, Sheila Barth"]
[Result "1-0"]
[ECO "B94"]
[WhiteElo "2090"]
[BlackElo "2175"]
[Annotator "RC"]
[PlyCount "111"]
[EventDate "2024.09.05"]
[EventType "team-tourn"]
[EventCountry "HUN"]
[SourceTitle "playchess.com"]
[Source "ChessBase"]
[SourceQuality "1"]
[WhiteTeam "Mexico"]
[BlackTeam "Norway"]
[WhiteTeamCountry "MEX"]
[BlackTeamCountry "NOR"]
[TimeControl "40/5400+30:1800+30"]

1. e4 c5 2. Nf3 d6 3. d4 cxd4 4. Nxd4 Nf6 5. Nc3 a6 6. Bg5 Nbd7 7. Bc4 Qb6 8. Bb3 e6 9. Bxf6 Nxf6 10. Qd2 Be7 11. O-O-O O-O 12. f4 Bd7 13. Kb1 Bc6 14. Rhe1 Rfd8 15. Qe3 Nd7 16. g4 Nc5 17. f5 Nxb3 18. axb3 Bf6 19. fxe6 fxe6 20. Nxe6 Qxe3 21. Rxe3 Rd7 22. Nd5 Re8 23. Nec7 Rf8 24. Rf1 Bxd5 25. Nxd5 Be5 26. Rxf8+ Kxf8 27. Rf3+ Rf7 28. Rxf7+ Kxf7 29. h3 Kg6 30. Ne3 Bd4 31. Ng2 Kf6 32. c3 Bf2 33. Kc2 Ke5 34. Kd3 b5 35. Ke2 Bb6 36. Kf3 Bd8 37. Nf4 Bg5 38. Nd5 Bc1 39. Nb4 Kf6 40. Nxa6 Bxb2 41. Nc7 Kg5 42. Nxb5 Kh4 43. Kg2 g6 44. Nd4 Kg5 45. Ne2 h5 46. Kg3 hxg4 47. hxg4 Kf6 48. Kf4 g5+ 49. Ke3 Ke5 50. Kd3 d5 51. exd5 Kxd5 52. b4 Ba3 53. c4+ Ke5 54. Kc3 Ke4 55. Kb3 Kd3 56. Kxa3 1-0

[Event "45th FIDE Womens Olympiad 2024"]
[Site "Budapest"]
[Date "2024.09.19"]
[Round "8.83"]
[White "Ni, Viktorija"]
[Black "Mendez Tovar, Yessica Yissel"]
[Result "1-0"]
[ECO "A68"]
[WhiteElo "2163"]
[BlackElo "2004"]
[Annotator "RC"]
[PlyCount "63"]
[EventDate "2024.09.05"]
[EventType "team-tourn"]
[EventCountry "HUN"]
[SourceTitle "playchess.com"]
[Source "ChessBase"]
[SourceQuality "1"]
[WhiteTeam "Norway"]
[BlackTeam "Mexico"]
[WhiteTeamCountry "NOR"]
[BlackTeamCountry "MEX"]
[TimeControl "40/5400+30:1800+30"]

1. d4 Nf6 2. c4 c5 3. d5 g6 4. Nc3 Bg7 5. e4 d6 6. f4 O-O 7. Nf3 e6 8. Be2 exd5 9. cxd5 a6 10. a4 Bg4 11. O-O Bxf3 12. Bxf3 Nbd7 13. Re1 Ne8 14. Bg4 Nef6 15. Bf3 Ne8 16. Be3 Rb8 17. Bf2 b5 18. axb5 axb5 19. Ra6 Rb6 20. Ra7 Nc7 21. Bg4 Qb8 22. Ra1 f5 23. Bh3 Ra6 24. Rxa6 Nxa6 25. exf5 gxf5 26. Re7 Nb6 27. Qh5 Qc8 28. Qg5 Rf7 29. Rxf7 Kxf7 30. Bxf5 Qe8 31. Be6+ Kf8 32. Qf5+ 1-0

[Event "45th FIDE Womens Olympiad 2024"]
[Site "Budapest"]
[Date "2024.09.19"]
[Round "8.84"]
[White "Tec Rodas, Sofia Isavelina"]
[Black "Machlik, Monika"]
[Result "1/2-1/2"]
[ECO "B11"]
[WhiteElo "1800"]
[BlackElo "2109"]
[Annotator "NA RC"]
[PlyCount "64"]
[EventDate "2024.09.05"]
[EventType "team-tourn"]
[EventCountry "HUN"]
[SourceTitle "playchess.com"]
[Source "ChessBase"]
[SourceQuality "1"]
[WhiteTeam "Mexico"]
[BlackTeam "Norway"]
[WhiteTeamCountry "MEX"]
[BlackTeamCountry "NOR"]
[TimeControl "40/5400+30:1800+30"]

1. e4 c6 2. Nf3 d5 3. Nc3 dxe4 4. Nxe4 Nf6 5. Qe2 Nxe4 6. Qxe4 Nd7 7. d4 Nf6 8. Qf4 Nd5 9. Qd2 Bf5 10. Bd3 Bxd3 11. Qxd3 e6 12. O-O Be7 13. c4 Nf6 14. Bf4 O-O 15. Rad1 Qb6 16. Qe2 Rad8 17. a3 a5 18. Rfe1 Rfe8 19. Rd3 Qa6 20. Ne5 Nd7 21. Nxf7 Kxf7 22. Qxe6+ Kf8 23. Bd6 Bxd6 24. Rf3+ Nf6 25. Rxf6+ gxf6 26. Qxf6+ Kg8 27. Qg5+ Kf7 28. Qf5+ Kg7 29. Qg5+ Kf7 30. Qf5+ Kg7 31. Qg5+ Kf7 32. Qf5+ Kg7 1/2-1/2